cohdb
Replays
Latest Replays
All Replays
Popular Replays
Top Player Replays
Match Explorer
How It Works
Community
CoH3 Stats
Reddit
Sign in to upload your games and track your stats! →
Sign in with Steam
Match 39963258
Unlisted
Match 39963258
Overview
Messages
Build Orders
End
Royal Engineer Section
Construct Section Command Post
Infantry Section
Grenade Package
Dingo Light Scout Car
Infantry Section
Selects Canadian Shock Battlegroup
Selects Attacking Spirit
Selects Canadian Shock Section
Construct Platoon Command Post
Canadian Shock Section
Construct Field Infirmary
Construct Company Command Post
Selects Burnout
Burnout
Unlock M3 Grant Medium Tanks
M3 Grant Medium Tank
Royal Engineer Section
M3 Grant Medium Tank
Foot Guards Section
M3 Grant Medium Tank
Royal Engineer Section
Burnout
Burnout
ßoo
Tactical Nuclear Cow
MR.Slavic
RandyRhoads101
0
0
Comments
sign in to comment!
No comments posted yet!